cohdb
Replays
Latest Replays
All Replays
Popular Replays
Top Player Replays
Match Explorer
How It Works
Community
CoH3 Stats
Reddit
Sign in to upload your games and track your stats! →
Sign in with Steam
Match 37827488
Unlisted
Match 37827488
Overview
Messages
Build Orders
End
Construct Barracks
Selects Special Operations Battlegroup
Selects M29 Weasel Recon Vehicle
M29 Weasel Recon Vehicle
Riflemen Squad
Riflemen Squad
M29 Weasel Recon Vehicle
Air Support Center
Air Supply
P-47 Dive Bomb
M1918 Browning Automatic Rifles
Riflemen Squad
P-47 Strafing Run
Construct Motor Pool
Double Sortie
P-47 Dive Bomb
Air Supremacy
Grasshopper Recon Run
P-47 Strafing Run
Selects P-47 Anti-Infantry Loiter
Construct Tank Depot
Advanced Air Reconnaissance
Grasshopper High-Altitude Recon Run
P-47 Strafing Run
P-47 Dive Bomb
P-47 Strafing Run
Honey
Zebra
boboCATs
boboFISHs
Seong
Halla_BiDo
Optio
SpeLL
0
0
Comments
sign in to comment!
No comments posted yet!